Map: Lost and Found LE

Players

Reynor - Winner!

  • Race: Zerg Zerg
  • Spawn Location: 7:00

ExpecT

  • Race: Terran Terran
  • Spawn Location: 1:00

Event: WCS Montreal 2018

VOD

Have the link to the VOD?

Description

Time

  • Played on: Sept. 7, 2018, 6:28 p.m.
  • Length: 12:29

All games in this series

Show
View Real Time Build Order
Export as new Build Order

Reynor Zerg - Winner!

Build Orders: Pool First 

Get SALT Encoding   

  12  0:00  Drone  
  13  0:12  Overlord  
  13  0:16  Drone  
  14  0:31  Drone x2  
  16  0:36  Drone  
  17  0:43  Spawning Pool  
  17  0:48  Drone  
  17  0:51  Extractor  
  17  0:56  Drone  
  17  1:07  Drone  
  18  1:19  Hatchery  
  17  1:30  Zergling x4  
  19  1:37  Roach Warren  
  18  1:48  Queen  
  20  1:57  Overlord  
  20  2:19  Roach x3  
  26  2:30  Roach  
  26  2:33  Roach  
  30  2:40  Drone  
  30  2:41  Overlord  
  31  2:46  Ravager  
  33  2:51  Drone  
  33  2:52  Drone  
  33  2:57  Drone x2  
  35  2:58  Ravager  
  35  3:01  Drone  
  35  3:04  Drone  
  38  3:11  Overlord  
  38  3:14  Drone  
  39  3:23  Queen  
  39  3:25  Ravager  
  42  3:27  Drone  
  42  3:34  Roach  
  42  3:37  Drone x2  
  46  3:42  Roach  
  48  3:49  Drone x3  
  51  3:58  Overlord  
  51  4:00  Drone  
  52  4:06  Overlord  
  52  4:07  Drone x2  
  52  4:15  Overlord  
  52  4:16  Extractor  
  51  4:19  Ravager  
  52  4:26  Drone x2  
  52  4:31  Overlord  
  48  4:34  Roach  
  52  4:38  Roach x3  
  52  4:41  Hatchery  
  52  4:44  Drone x3  
  52  4:47  Drone  
  52  4:49  Extractor, Roach  
  54  4:56  Queen  
  56  5:01  Drone x2  
  56  5:02  Drone  
  56  5:05  Overlord  
  59  5:12  Ravager x2  
  59  5:13  Drone x2  
  59  5:14  Drone  
  63  5:23  Spore Crawler  
  63  5:28  Spore Crawler, Ravager x2  
  64  5:29  Drone x5  
  64  5:30  Drone  
  70  5:38  Spore Crawler  
  70  5:39  Ravager  
  70  5:40  Overlord  
  70  5:41  Drone x2  
  70  5:42  Drone  
  73  5:47  Overlord  
  71  6:01  Drone x5  
  76  6:04  Queen  
  76  6:10  Ravager, Overlord  
  79  6:12  Drone x2  
  79  6:13  Drone x4  
  79  6:21  Overlord  
  79  6:23  Drone x2  
  75  6:27  Drone  
  75  6:29  Lair  
  76  6:38  Roach x4  
  84  6:41  Drone  
  84  6:42  Drone x2  
  84  6:49  Roach x2  
  84  6:54  Extractor, Roach  
  90  7:00  Evolution Chamber, Roach x2  
  89  7:04  Overlord  
  89  7:10  Roach x2  
  89  7:12  Drone x2  
  89  7:13  Drone x3  
  89  7:14  Drone  
  89  7:15  Extractor  
  98  7:19  Roach  
  98  7:21  Ravager x3  
  98  7:22  Roach x4  
  106  7:25  Roach  
  106  7:26  Hatchery  
  106  7:28  Drone  
  107  7:32  Roach  
  107  7:34  Roach  
  111  7:39  Drone  
  111  7:42  Drone x4  
  111  7:43  Extractor  
  115  7:44  Glial Reconstitution  
  115  7:46  Overseer  
  115  7:47  Overlord  
  115  7:48  Drone  
  115  7:49  Drone x2  
  118  7:53  Drone x3  
  118  7:56  Roach x2  
  125  7:59  Roach  
  125  8:02  Drone  
  125  8:03  Zerg Missile Weapons Level 1  
  128  8:05  Evolution Chamber  
  128  8:09  Roach x2  
  128  8:11  Ravager  
  128  8:12  Overlord  
  132  8:15  Roach x3  
  136  8:30  Roach x3  
  136  8:31  Roach x4  
  146  8:36  Zerg Ground Armor Level 1  
  146  8:37  Overlord  
  146  8:39  Overlord  
  146  8:40  Overseer, Roach x3  
  152  8:44  Overlord  
  150  8:51  Roach x3  
  150  8:53  Overlord  
  150  8:55  Drone x3  
  152  8:57  Drone x2  
  152  8:59  Roach  
  152  9:02  Roach  
  159  9:04  Ravager  
  159  9:05  Ravager  
  159  9:06  Roach x3  
  159  9:08  Queen  
  169  9:11  Ravager x2  
  169  9:13  Roach x2  
  169  9:15  Drone  
  169  9:16  Spore Crawler, Hatchery, Roach  
  169  9:17  Roach  
  178  9:18  Overlord  
  178  9:26  Spore Crawler  
  178  9:30  Roach x2  
  178  9:31  Roach  
  183  9:33  Overlord  
  183  9:38  Drone x5  
  187  9:41  Roach x2  
  192  9:45  Overlord  
  192  9:52  Roach x4  
  200  10:00  Queen  
  200  10:01  Zerg Missile Weapons Level 2  
  200  10:06  Spine Crawler  
  198  10:08  Spine Crawler  
  198  10:11  Tunneling Claws  
  198  10:12  Burrow  
  197  10:34  Zergling x2  
  198  10:36  Drone x2  
  200  11:04  Infestation Pit  
  193  11:18  Roach x11  
  157  11:19  Roach x5  
  157  11:21  Spore Crawler  
  157  11:22  Roach x6  
  157  11:23  Roach x4  
  157  11:24  Roach x2  
  185  11:30  Roach x3  
  185  11:32  Roach x3  
  184  11:37  Roach x3  
  190  11:44  Overlord x3  
  185  12:02  Roach x18  
  185  12:03  Roach x6  
  185  12:05  Drone x9  
  185  12:06  Drone x3  
  197  12:13  Ravager x3  
Show
View Real Time Build Order
Export as new Build Order

ExpecT Terran 

Build Orders: Gas First Reaper Expand, Reaper Expand 

Get SALT Encoding   

  12  0:00  SCV  
  13  0:12  SCV  
  14  0:17  Supply Depot  
  14  0:25  SCV  
  15  0:29  Refinery  
  15  0:38  SCV  
  16  0:44  Barracks  
  16  0:50  SCV  
  17  1:02  SCV  
  18  1:15  SCV  
  19  1:31  Orbital Command  
  19  1:32  Reaper  
  20  1:43  Command Center  
  20  1:53  Factory  
  20  1:57  SCV  
  21  2:06  Barracks Reactor, Refinery  
  21  2:11  SCV  
  22  2:20  Supply Depot  
  22  2:23  SCV  
  23  2:41  Starport  
  23  2:42  Hellion  
  23  2:44  SCV  
  26  2:45  Marine x2  
  27  3:00  SCV  
  28  3:07  Marine x2  
  30  3:15  SCV  
  30  3:17  Cyclone  
  30  3:19  Orbital Command  
  34  3:26  Marine  
  34  3:29  Marine  
  35  3:35  Medivac  
  35  3:40  Supply Depot  
  36  3:42  Bunker  
  36  3:47  Marine  
  35  4:01  SCV x2, Supply Depot  
  36  4:12  Marine  
  36  4:15  SCV  
  36  4:16  SCV  
  38  4:21  Liberator  
  38  4:22  Cyclone  
  40  4:28  SCV  
  36  4:33  SCV  
  36  4:35  Barracks Reactor  
  40  4:40  SCV  
  40  4:46  SCV  
  40  4:47  Supply Depot  
  40  4:52  SCV  
  42  4:56  Factory Tech Lab  
  42  4:59  SCV  
  43  5:04  SCV  
  44  5:11  SCV, Supply Depot  
  45  5:16  Marine x2  
  45  5:17  SCV, Siege Tank  
  51  5:25  SCV  
  52  5:29  SCV  
  52  5:32  Liberator  
  52  5:33  Command Center  
  52  5:34  Supply Depot  
  53  5:41  SCV x2  
  53  5:42  Bunker  
  55  5:47  Marine  
  55  5:48  Marine  
  55  5:49  Siege Tank  
  56  6:02  SCV  
  56  6:06  Command Center  
  56  6:09  Orbital Command  
  56  6:11  Barracks x2  
  46  6:34  SCV  
  46  6:50  Starport Reactor  
  46  6:57  Factory Reactor  
  46  7:04  Stimpack  
  46  7:06  Marine  
  46  7:08  Barracks Reactor  
  46  7:10  SCV  
  46  7:14  SCV  
  46  7:20  Marine  
  46  7:21  Marine  
  47  7:23  SCV, Orbital Command  
  47  7:24  Marine  
  47  7:26  SCV  
  50  7:35  SCV  
  51  7:38  SCV  
  51  7:39  Engineering Bay  
  51  7:40  Engineering Bay  
  51  7:43  Marine x3  
  55  7:47  SCV  
  55  7:50  Factory Tech Lab, SCV  
  57  7:55  SCV  
  57  7:56  Supply Depot x2  
  58  7:59  SCV  
  58  8:00  Liberator x2, Marine  
  58  8:01  Marine  
  61  8:14  Supply Depot  
  61  8:17  Marine x3  
  61  8:18  SCV x3  
  72  8:26  Engineering Bay  
  72  8:27  Engineering Bay, Barracks  
  72  8:28  Barracks  
  72  8:29  Marine x2  
  72  8:30  SCV x2  
  76  8:34  SCV  
  76  8:36  Marine x3  
  80  8:42  SCV  
  80  8:47  Marine x2  
  82  8:51  SCV  
  82  8:53  Marine x3  
  85  8:57  Refinery  
  85  8:59  Refinery  
  85  9:01  Terran Infantry Armor Level 1, Siege Tank, Terran Infantry Weapons Level 1  
  88  9:04  Orbital Command  
  88  9:05  Marine x2  
  88  9:07  Supply Depot  
  90  9:11  Marine x3  
  93  9:17  Barracks Reactor, Combat Shields  
  93  9:18  Barracks Reactor  
  93  9:26  SCV  
  93  9:29  SCV, Marine x5  
  99  9:31  Supply Depot  
  99  9:32  Supply Depot  
  99  9:39  SCV  
  99  9:41  SCV  
  101  9:52  Marine x5  
  101  9:53  Medivac, SCV  
  101  9:54  SCV  
  101  9:58  Marine x2  
  109  10:00  Marine  
  109  10:01  Armory  
  109  10:05  SCV  
  109  10:06  SCV  
  109  10:08  Siege Tank  
  109  10:09  Marine  
  109  10:10  Marine x2  
  115  10:15  Supply Depot  
  115  10:17  Orbital Command  
  115  10:26  Factory, Marine x2  
  115  10:27  Marine  
  117  10:36  Medivac x2, Marine  
  117  10:38  Supply Depot  
  120  10:57  Marine x3  
  120  10:59  Marine x3  
  120  11:00  Marine x2  
  120  11:03  Siege Tank  
  132  11:06  Medivac x2  
  136  11:15  Marine x3  
  136  11:17  Marine x2  
  113  11:19  Marine x3  
  113  11:22  Marine, Orbital Command  
  113  11:25  Marine  
  105  11:27  SCV  
  105  11:31  SCV  
  105  11:32  Marine  
  99  11:33  Marine x2  
  99  11:35  Marine x2  
  99  11:37  Marine x3  
  99  11:38  Siege Tank x2  
  99  11:39  SCV  
  114  11:40  Marine  
  115  12:00  Refinery  
  112  12:03  Refinery  
  112  12:07  Marine x2  
  112  12:08  Marine x4  
Tags
 
Add a new tag
Caveats
  • Supply blocks, unpowered buildings, or Contaminate may cause inaccurate times.
  • Supply counts are checked every 10 seconds.